AoeStats
← 农夫累

Nomad

510310566Analyzed
4v4 RM · 2d ago on Sep 30, 2026· 53m 3s· 8 players
Game mode
Random Map
Map size
231×231
Population
200
Speed
Normal
Resources
Standard
Victory
Conquest
Starting age
Dark Age
Ending age
Imperial Age
RankedLock teamsTeams togetherTeam positionsShared explorationLock speedFull tech treeHidden civsTurbo modeCheats
Victory
Defeat
🇨🇳 Persians · China
1531
+14
🇨🇳 Maya · China
1436
+18
🇨🇳 Magyars · China
1363
+20
🇨🇳 Vietnamese · China
1197
+26
1534
-22
🇨🇳 Japanese · China
1483
-20
🇻🇳 Vietnamese · Vietnam
1452
-19
🇨🇳 Varangians · China
1394
-17
VNS__Pan
5:16 Loom
12:04 Feudal Age
12:32 Double-Bit Axe
20:46 Castle Age
19:20 Gold Mining
21:58 Fishing Lines
22:21 Fletching
22:43 Gillnets
25:07 Wheelbarrow
33:13 Imperial Age
30:47 Stone Mining
32:16 Hand Cart
31:58 Bodkin Arrow
32:34 Padded Archer Armor
33:18 Bow Saw
33:47 Leather Archer Armor
34:23 Bracer
35:33 Ballistics
36:15 Chemistry
35:57 Ring Archer Armor
37:23 Elite Rattan Archer
39:59 Two-Man Saw
39:05 Thumb Ring
38:43 Horse Collar
39:41 Stone Shaft Mining
39:30 Town Watch
40:36 Town Watch
41:40 Masonry
41:51 Town Patrol
51:21 Paper Money
51:02 Chatras
拳斗部诗人—菜桑
11:08 Loom
12:53 Feudal Age
14:13 Double-Bit Axe
17:09 Castle Age
18:07 Fletching
18:53 Horse Collar
27:03 Bodkin Arrow
30:47 Wheelbarrow
29:57 Town Watch
31:37 Heavy Plow
31:50 Bow Saw
34:43 Imperial Age
34:07 Scale Mail Armor
34:17 Forging
34:46 Hand Cart
36:55 Conscription
37:05 Chain Mail Armor
37:14 Squires
37:00 Gambesons
37:27 Elite Jomsviking
38:53 Plate Mail Armor
40:00 Iron Casting
42:48 Blast Furnace
42:43 Hoardings
46:32 Elite Varangian Guard
椒香三角铁
5:35 Loom
14:26 Feudal Age
19:37 Castle Age
19:14 Town Watch
25:44 Fletching
32:49 Gold Mining
初中王
13:04 Feudal Age
14:37 Loom
17:45 Castle Age
16:28 Double-Bit Axe
18:39 Bow Saw
19:26 Wheelbarrow
19:25 Gold Mining
24:05 Bloodlines
24:41 Horse Collar
25:39 Medium Warships
26:46 Scale Barding Armor
27:44 Husbandry
28:26 Chain Barding Armor
27:55 Fishing Lines
29:34 Wheelbarrow
31:30 Forging
31:31 Stone Mining
38:06 Imperial Age
39:19 Vendel Legacy
39:41 Cavalier
42:08 Plate Barding Armor
42:55 Iron Casting
45:34 Blast Furnace
45:17 Conscription
45:46 Heavy Plow
51:37 Hand Cart
农夫累
4:13 Loom
14:00 Feudal Age
17:45 Castle Age
15:46 Double-Bit Axe
16:15 Stone Mining
16:17 Fletching
18:45 Bow Saw
18:32 Bodkin Arrow
22:22 Padded Archer Armor
23:49 Ballistics
26:37 Horse Collar
29:54 Leather Archer Armor
29:58 Gold Mining
31:57 Wheelbarrow
34:48 Imperial Age
35:47 Bracer
36:48 Chemistry
36:41 Ring Archer Armor
36:33 Conscription
37:43 Two-Man Saw
38:02 Thumb Ring
39:54 Elite Plumed Archer
41:36 Hand Cart
41:07 Town Watch
47:08 Hoardings
46:44 Masonry
49:14 Guilds
50:58 Architecture
50:08 Treadmill Crane
XHK
6:29 Loom
12:59 Feudal Age
13:28 Double-Bit Axe
13:27 Horse Collar
18:11 Gold Mining
20:21 Stone Mining
22:40 Castle Age
23:03 Crossbowman
25:52 Bow Saw
27:40 Fletching
28:16 Bodkin Arrow
29:56 Thumb Ring
34:38 Wheelbarrow
42:30 Ballistics
52:18 Imperial Age
49:34 Town Watch
52:17 Scale Barding Armor
52:18 Husbandry
52:28 Bloodlines
52:23 Cavalier
53:26 Chain Barding Armor
53:34 Conscription
Bz_
10:45 Loom
13:02 Feudal Age
16:59 Castle Age
16:42 Double-Bit Axe
23:39 Horse Collar
25:41 Wheelbarrow
28:13 Gold Mining
28:43 Bow Saw
30:54 Gold Shaft Mining
33:37 Imperial Age
31:35 Bloodlines
31:30 Husbandry
31:56 Scale Barding Armor
33:39 Chain Barding Armor
33:30 Forging
33:13 Cavalier
35:12 Plate Barding Armor
36:14 Iron Casting
38:39 Blast Furnace
50:31 Savar
XZ
4:11 Loom
13:31 Feudal Age
18:34 Castle Age
17:08 Double-Bit Axe
20:29 Bow Saw
21:18 Fletching
26:27 Wheelbarrow
31:28 Imperial Age
29:36 Bodkin Arrow
29:41 Padded Archer Armor
38:42 Hand Cart
38:13 Town Watch
39:51 Two-Man Saw
38:40 Horse Collar
40:00 Bracer
43:46 Paper Money
43:10 Elite Skirmisher
44:40 Imperial Skirmisher
45:46 Thumb Ring
48:19 Leather Archer Armor
51:26 Ballistics
52:12 Pikeman
52:52 Squires
52:54 Arson
Connection lost

Rejoining the realm…

Still unreachable

The connection could not be restored.

Session expired

The server has moved on; the page needs a fresh start.